 Dungeon Crawl Stone Soup version 0.26-a0-665-gefeb406119 (webtiles) character file.

Game seed: 609975947123131548

1645 grandjackal the Skirmisher (level 8, -9/65 HPs)
             Began as a Demonspawn Gladiator on Oct 14, 2020.
             Mangled by an orc warrior
             ... wielding a +0 glaive
              (11 damage)
             ... on level 6 of the Dungeon.
             The game lasted 00:06:55 (6131 turns).

grandjackal the Skirmisher (Demonspawn Gladiator)   Turns: 6131, Time: 00:06:55

Health: -9/65      AC:  8    Str: 17    XL:     8   Next: 67%
Magic:  8/8        EV: 15    Int:  9    God:
Gold:   230        SH:  0    Dex: 17    Spells: 7/7 levels left

rFire    . . .     SeeInvis .   a - +0 long sword
rCold    . . .     Faith    .   (no shield)
rNeg     . . .     Spirit   .   n - +2 ring mail {rPois}
rPois    +         Reflect  .   c - +0 helmet
rElec    .         Harm     .   (no cloak)
rCorr    .         Rampage  .   (no gloves)
MR       .....                  (no boots)
Stlth    ++........             (no amulet)
HPRegen  0.20/turn              (no ring)
MPRegen  0.11/turn              (no ring)

@: no status effects
A: thin skeletal structure 1, demonic guardian 1, spiny 2
a: no special abilities


You were on level 6 of the Dungeon.
You visited 1 branch of the dungeon, and saw 6 of its levels.
You also visited: Sewer.

You collected 230 gold pieces.

Inventory:

Hand Weapons
 a - a +0 long sword (weapon)
 p - a +1 long sword of distortion
Armour
 c - a +0 helmet (worn)
 n - a +2 ring mail of poison resistance (worn)
 r - +0 acid dragon scales
 t - a +0 scale mail of poison resistance
 v - a +0 buckler
Scrolls
 e - a scroll of enchant weapon {unknown}
 f - 2 scrolls of remove curse {unknown}
 j - 4 scrolls of blinking {unknown}
 l - 3 scrolls of identify
 m - a scroll of teleportation
 o - a scroll of fear {unknown}
 s - a scroll of enchant armour
 u - a scroll of vulnerability
Potions
 b - a potion of ambrosia
 g - 2 potions of brilliance
 h - 3 potions of stabbing
 i - 2 potions of lignification
 k - 2 potions of curing
 q - 3 potions of flight
 w - 2 potions of magic {unknown}


   Skills:
 + Level 6.6 Fighting
 + Level 6.4 Long Blades
 - Level 1.7 Throwing
 + Level 6.4 Dodging


You had 7 spell levels left.
You didn't know any spells.
Your spell library was empty.

Dungeon Overview and Level Annotations

Branches:
Dungeon (6/15)              Sewer (visited)
 Temple: D:4-7

Altars:
Elyvilon
Kikubaaqudgha
Okawaru
Trog
Yredelemnul

Annotations:
D:5 1 runed translucent door, Foxy's ghost, novice OgSu


Innate Abilities, Weirdness & Mutations

You have a somewhat thin skeletal structure. (Dex +2, Stealth)
A weak demonic guardian rushes to your aid.
You are mostly covered in sharp spines.


Message History

The orc wizard points at you and mumbles some strange words.
The puff of frost hits you!
* * * LOW HITPOINT WARNING * * *
Throwing (i - inventory)
d - 2 throwing nets (quivered)
Press: ? - help, Shift-Dir - straight line, f/p - orc warrior
Aim: an orc warrior, wielding a +0 glaive, wearing a +0 chain mail and quivering 4 boomerangs of dispersal (severely wounded)
You throw a throwing net.
The throwing net closely misses the orc warrior.
The orc warrior hits you with a +0 glaive!
* * * LOW HITPOINT WARNING * * *
Your white imp hits the orc warrior.
Your white imp freezes the orc warrior.
Throwing (i - inventory)
d - a throwing net (quivered)
Press: ? - help, Shift-Dir - straight line, f/p - orc warrior
Aim: an orc warrior, wielding a +0 glaive, wearing a +0 chain mail and quivering 4 boomerangs of dispersal (almost dead)
You throw a throwing net.
The throwing net closely misses the orc warrior.
The orc wizard hits you but does no damage.
The orc warrior is struck by your spines.
The orc warrior hits you with a +0 glaive!
You die...

## #.# ..# ..# #.# #
#### #.# #. # ####..#
.## # .....#.### .. #
#.......#######.## #
#....)).##.......######
#....o@).....##..##....
#....o5....#...........
#....)..##.#.....##....
#.......##....##.######
#.(.....##.......# #
#######.##.......# #
#.......#### #
#######.# # #.# ##


You could see an orc warrior, an orc wizard and a friendly white imp (summoned).

Vanquished Creatures
  Maggie (D:6)
  An ice beast (D:5)
  A centaur (D:6)
  A bullfrog (D:6)
  A scorpion (D:4)
  A howler monkey (D:6)
  A bullfrog zombie (D:6)
  3 jellies
  4 orc priests
  A centaur skeleton (D:4)
  A hound (D:6)
  2 orc wizards (D:5)
  Terence (D:2)
  3 iguanas
  3 worker ants
  Natasha (thrice) (D:2)
  7 adders
  5 river rats (D:4)
  An ufetubus (D:5)
  5 oozes
  2 adder skeletons
  11 worms
  2 dart slugs (D:3)
  4 leopard geckos
  14 orcs
  12 bats
  5 giant cockroaches
  5 goblins
  6 hobgoblins
  8 jackals
  A quokka (D:2)
  4 ball pythons
  6 frilled lizards
  6 kobolds
  A quokka skeleton (D:4)
  12 rats
145 creatures vanquished.

Vanquished Creatures (collateral kills)
  Menkaure (D:4)
  A phantom (D:4)
  An orc wizard (D:6)
3 creatures vanquished.

Vanquished Creatures (others)
  2 plants
2 creatures vanquished.

Grand Total: 150 creatures vanquished

Notes
Turn   | Place    | Note
-------+----------+-------------------------------------------
     0 | D:1      | grandjackal the Demonspawn Gladiator began the quest for
                  | the Orb.
     0 | D:1      | Reached XP level 1. HP: 16/16 MP: 1/1
    52 | D:1      | Gained mutation: You are partially covered in sharp spines.
                  | [demonic ancestry]
    52 | D:1      | Reached XP level 2. HP: 19/22 MP: 2/2
   460 | D:1      | Reached XP level 3. HP: 25/28 MP: 3/3
   936 | D:2      | Noticed Terence
   963 | D:2      | Killed Terence
   963 | D:2      | Reached XP level 4. HP: 17/34 MP: 4/4
  1146 | D:2      | Noticed Natasha
  1156 | D:2      | Killed Natasha
  1363 | D:2      | Noticed Natasha
  1372 | D:2      | Killed Natasha
  1407 | D:2      | Noticed Natasha
  1425 | D:2      | Killed Natasha
  1425 | D:2      | Gained mutation: You are mostly covered in sharp spines.
                  | [demonic ancestry]
  1425 | D:2      | Reached XP level 5. HP: 16/41 MP: 5/5
  2732 | D:3      | Found an ancient bone altar of Kikubaaqudgha.
  2734 | D:3      | Found an iron altar of Okawaru.
  2925 | D:4      | Reached XP level 6. HP: 45/48 MP: 6/6
  2966 | D:4      | Found a glowing drain.
  2971 | Sewer    | Entered a sewer
  3860 | D:4      | Gained mutation: A weak demonic guardian rushes to your
                  | aid. [demonic ancestry]
  3860 | D:4      | Reached XP level 7. HP: 19/55 MP: 7/7
  4144 | D:4      | Noticed Menkaure
  4149 | D:4      | Killed Menkaure
  4324 | D:4      | Reached skill level 5 in Long Blades
  4324 | D:4      | Reached skill level 5 in Dodging
  4334 | D:4      | Reached skill level 5 in Fighting
  4447 | D:5      | Entered Level 5 of the Dungeon
  4809 | D:5      | Found a runed translucent door.
  4810 | D:5      | Noticed Foxy's ghost (novice OgSu)
  4831 | D:5      | Found a basalt altar of Yredelemnul.
  5186 | D:5      | Gained mutation: You have a somewhat thin skeletal
                  | structure. (Dex +2, Stealth) [demonic ancestry]
  5186 | D:5      | Reached XP level 8. HP: 63/63 MP: 8/8
  5312 | D:5      | Found a white marble altar of Elyvilon.
  5436 | D:6      | Noticed Maggie
  5714 | D:6      | Killed Maggie
  6036 | D:6      | Noticed a moth of wrath
  6039 | D:6      | Found a bloodstained altar of Trog.
  6130 | D:6      | HP: 2/65 [orc warrior/+0 glaive (8)]
  6131 | D:6      | Mangled by an orc warrior

Illustrated notes

Levels and vault maps discovered:
D:1:      wander_arrival_fairy_ring, layout_rooms, minmay_split_cup_large
D:2:      layout_basic, minmay_fractal_squares_5, uniq_terence, uniq_natasha
D:3:      layout_basic, chequers_temple_overflow_statue_of_worship
D:4:      layout_rooms, lightli_sewer_entry_pipes, serial_park_tiny_2,
          corexii_shack, uniq_menkaure
D:5:      layout_basic, kennysheep_ying_yang, gammafunk_ghost_grave
D:6:      layout_loops_cross, tgw_trog, minmay_diced_spiral, uniq_maggie

Skill      XL: |  1  2  3  4  5  6  7  8 |
---------------+-------------------------+-----
Dodging        | 3 4 5 6 |  6.4
Long Blades    | 3 4 5 6 |  6.4
Fighting       | 3 4 5 6 |  6.6
Throwing       | |  1.7

Action                   |  1- 3 |  4- 6 |  7- 9 || total
-------------------------+-------+-------+-------++-------
Melee: Long sword        |    91 |   166 |   100 ||   357
       Unarmed           |       |     7 |       ||     7
Throw: Throwing net      |       |       |     3 ||     3
  Use: Scroll            |       |     1 |    10 ||    11
       Potion            |       |     1 |     1 ||     2
 Stab: Distracted        |       |       |     2 ||     2
       Held in net/web   |       |       |     2 ||     2
Armor: Leather armour    |    26 |       |       ||    26
       Ring mail         |    11 |    53 |    29 ||    93
Dodge: Dodged            |    66 |    93 |    64 ||   223
       Rpst.: Long sword |    17 |    28 |    15 ||    60

Table legend: (Time is in decaauts)
 A = Elapsed time spent in this place.
 B = Non-inter-level travel time spent in this place.
 C = Inter-level travel time spent in this place.
 D = Time resting spent in this place.
 E = Time spent auto-exploring this place.
 F = Levels seen in this place.
 G = Mean time per level.
                   A        B        C        D        E       F      G
               +--------+--------+--------+--------+--------+-----+--------+
         Total |   6335 |   6162 |    173 |   1430 |   3508 |   7 |  905.0 |
       Dungeon |   5837 |   5664 |    173 |   1430 |   3361 |   6 |  972.8 |
         Sewer |    498 |    498 |      0 |      0 |    146 |   1 |  498.0 |
               +--------+--------+--------+--------+--------+-----+--------+

Top non-repeatable levels by time:
     D:4: 1251 daAuts
     D:2: 1243 daAuts
     D:5: 1180 daAuts
     D:3: 937 daAuts
     D:1: 703 daAuts
     D:6: 521 daAuts
   Sewer: 498 daAuts
